 Dungeon Crawl Stone Soup version 0.20.0-15-g7f486f2 (webtiles) character file.

34379 NoNouf the Basher (level 13, -7/89 HPs)
             Began as a Gargoyle Fighter on June 17, 2017.
             Was an Elder of the Shining One.
             Shot with a bolt by a naga sharpshooter (17 damage)
             ... on level 2 of the Snake Pit on June 18, 2017.
             The game lasted 02:42:08 (17524 turns).

NoNouf the Basher (Gargoyle Fighter)               Turns: 17524, Time: 02:42:09

Health: -7/89      AC: 30    Str: 20    XL:     13   Next: 77%
Magic:  18/18      EV:  4    Int: 10    God:    the Shining One [****..]
Gold:   907        SH: 15    Dex: 15    Spells: 12/12 levels left

rFire    + + .     SeeInvis .   F - +0 flail (holy)
rCold    . . .     Gourm    .   c - +0 shield
rNeg     + + +     Faith    .   J - +1 plate armour
rPois    ∞         Spirit   .   (helmet restricted)
rElec    +         Reflect  +   (no cloak)
rCorr    .         Harm     .   L - +0 pair of gloves
MR       .....                  (no boots)
Stlth    ..........             w - +6 amulet of reflection
Regen    0.3/turn               C - +3 ring of protection
MPRegen  0.2/turn               E - ring of protection from fire

@: glowing
A: beak, thin skeletal structure 1, fire resistance 1, negative energy
resistance 1, electricity resistance, unbreathing, petrification resistance, rot
immunity, AC +9
a: Divine Shield, Cleansing Flame, Renounce Religion


You were on level 2 of the Snake Pit.
You worshipped the Shining One.
The Shining One was greatly pleased with you.
You were not hungry.

You visited 4 branches of the dungeon, and saw 18 of its levels.

You collected 1033 gold pieces.
You spent 126 gold pieces at shops.

Inventory:

Hand Weapons
 F - a +0 flail of holy wrath (weapon)
 W - a +0 shortbow of flaming
Missiles
 X - 78 arrows
Armour
 c - a +0 shield (worn)
 J - a +1 plate armour (worn)
 L - a +0 pair of gloves (worn)
Jewellery
 a - an uncursed ring of protection from cold
 e - an uncursed ring of stealth
 h - an uncursed amulet of faith
 p - an uncursed ring of positive energy
 r - the ring "Ebbotratt" {+Fly rF- EV+4 Dex+4}
   (You found it on level 4 of the Dungeon)

   [ring of evasion]

   It affects your evasion (+4).
   It affects your dexterity (+4).
   It makes you vulnerable to fire.
   It lets you fly.
 w - a +6 amulet of reflection (around neck)
 C - a +3 ring of protection (left hand)
 E - a ring of protection from fire (right hand)
 P - an uncursed ring of ice {unknown}
 Q - an uncursed ring of wizardry
Wands
 n - a wand of flame (27/48)
 y - a wand of acid (1/15)
 B - a wand of iceblast (2/15)
 G - a wand of flame (9/48)
 H - a wand of disintegration (13/24)
 K - a wand of flame (16/48)
 R - a wand of flame (20/48)
 Y - a wand of confusion (25/48)
Scrolls
 i - 3 scrolls of summoning
 k - 7 scrolls of identify
 l - 7 scrolls of remove curse
 s - a scroll of noise
 z - 2 scrolls of magic mapping
 D - a scroll of fog
 I - a scroll of vulnerability
 M - 3 scrolls of fear
 T - a scroll of amnesia
Potions
 d - a potion of might
 g - a potion of magic {unknown}
 o - 3 potions of brilliance
 q - 6 potions of curing
 t - 2 potions of haste {unknown}
 u - 3 potions of ambrosia {unknown}
 x - 3 potions of mutation
 A - 2 potions of lignification {unknown}
 S - a potion of agility {unknown}
 V - a potion of flight {unknown}
 Z - a potion of cancellation
Books
 N - a Fen Folio

   Spells                             Type                      Level
   a - Corpse Rot                     Necromancy                   2
   b - Stone Arrow                    Conjuration/Earth            3
   c - Leda's Liquefaction            Hexes/Earth                  4
   d - Summon Forest                  Summoning/Translocation      5
   e - Hydra Form                     Transmutation                6
   f - Summon Hydra                   Summoning                    7
 O - a book of Geomancy

   Spells                             Type                      Level
   a - Sandblast                      Earth                        1
   b - Passwall                       Transmutation/Earth          2
   c - Stone Arrow                    Conjuration/Earth            3
   d - Petrify                        Transmutation/Earth          4
   e - Lee's Rapid Deconstruction     Earth                        5
 U - a book of Callings

   Spells                             Type                      Level
   a - Summon Small Mammal            Summoning                    1
   b - Call Imp                       Summoning                    2
   c - Call Canine Familiar           Summoning                    3
   d - Summon Guardian Golem          Hexes/Summoning              3
   e - Summon Lightning Spire         Summoning/Air                4
   f - Summon Ice Beast               Ice/Summoning                4
Comestibles
 b - 2 fruits
 f - 7 bread rations
 j - 8 royal jellies
 m - 6 meat rations


   Skills:
 + Level 13.9 Fighting
 - Level 14.0 Maces & Flails
 + Level 12.8 Armour
 - Level 3.2 Shields
 * Level 6.7 Invocations
 - Level 0.1 Evocations


You had 12 spell levels left.
You didn't know any spells.

Dungeon Overview and Level Annotations

Branches:
Dungeon (10/15)            Temple (1/1) D:7            Lair (5/6) D:10
  Swamp (0/4) Lair:4        Snake (2/4) Lair:3
  Slime: Lair:5-6       Orc: D:9-12

Altars:
Ashenzari
Cheibriados
Dithmenos
Elyvilon
Fedhas
Gozag
Hepliaklqana
Kikubaaqudgha
Makhleb
Nemelex Xobeh
Okawaru
Qazlal
Ru
Sif Muna
Trog
Uskayaw
Vehumet
Xom
Yredelemnul
Zin
The Shining One

Shops:
D:6 *   D:7 [   D:8 =   Snake:1 *

Annotations:
D:8 Zhenya24pyc's ghost, novice GrFi


Innate Abilities, Weirdness & Mutations

You are resistant to torment.
Your stone body is resilient. (AC +9)
You are immune to poison.
You resist negative energy. (rN+)
You are resistant to electric shocks. (rElec)
You can survive without breathing.
You are immune to petrification.
You are immune to rotting.
You have a beak for a mouth.
You have a somewhat thin skeletal structure. (Dex +2, Stealth)
Your flesh is heat resistant. (rF+)


Message History

Your surroundings suddenly seem different.
A naga comes into view. It is wielding a flail.
The naga shouts!
The naga sharpshooter gestures wildly while chanting.
The naga sharpshooter magically shoots a bolt.
The bolt hits you! The Shining One protects you from harm!
An anaconda comes into view.
You see here 2 bolts.
The anaconda hisses angrily.
The naga sharpshooter casts a spell.
The naga sharpshooter magically shoots a bolt.
The bolt hits you but does no damage. The naga spits poison at you.
The splash of poison reflects off an invisible shield around you!
The splash of poison hits the naga.
The naga appears unharmed.
The naga sharpshooter mumbles some strange words.
The naga sharpshooter magically shoots a bolt.
The bolt hits you!
You die...

.####........#.....##......###.#
.# #####....'......#...(..# #.#
.# ####.#.............# #.# .#
#.#............## #.# '#########
#.#...........## #.# .........#
#.###....#.....## #.#
.........###.##............###.##
.....>...##...'....S.......#....#
..†......'..###.@(.....>...#..#.#
.........##.# #............'..#.#
.........##.# ##.....N....##.##.#
#........##.# #..........###.##+#
##.......'..# #......##'####.#..<
##......##.# #......#.......#...
#########.###......#.###.###...
#...'...N..'.......'...
#.###......#.###.###...


You could see a naga sharpshooter, an anaconda and a naga.

Vanquished Creatures
  A hydra (Lair:4)
  2 naga warriors
  A catoblepas (Lair:3)
  5 anacondas
  Erica (Lair:2)
  2 shock serpents (Snake:2)
  A naga sharpshooter (Snake:2)
  Sonja (Lair:4)
  A naga ritualist (Snake:1)
  The ghost of ThereIsNoGod the Grappler, a novice TrMo of Okawaru (D:6)
  A mana viper (Snake:1)
  4 salamanders
  11 black mambas
  2 guardian serpents
  4 naga magi
  2 spiny frogs
  A rime drake (Lair:4)
  2 komodo dragons
  A troll (D:9)
  A polar bear (Lair:4)
  A tyrant leech (Lair:4)
  3 hippogriffs
  Grinder (D:3)
  17 blink frogs
  Sigmund (D:4)
  A human (D:7)
  16 yaks
  4 hogs (D:7)
  A wyvern (D:9)
  3 basilisks (Lair:5)
  A swamp worm (Lair:4)
  11 nagas
  5 water moccasins
  6 porcupines
  2 black bears
  2 orc warriors
  A sky beast (D:7)
  2 ice beasts (D:7)
  A necrophage (D:7)
  4 phantoms
  4 wolves
  5 ogres
  2 crocodiles
  A big kobold (D:10)
  Blork the orc (D:5)
  9 bullfrogs
  2 wyvern skeletons
  A scorpion (D:7)
  5 wights (D:9)
  8 howler monkeys
  2 electric eels (D:10)
  4 crimson imps
  A bullfrog zombie (D:7)
  A quasit (D:5)
  A gnoll shaman (D:6)
  8 hounds
  7 orc priests
  12 orc wizards
  2 centaur skeletons
  2 jellies
  Jessica (D:2)
  5 iguanas
  Natasha (thrice) (D:3 D:2 D:4)
  7 worker ants
  A worker ant zombie (D:6)
  9 adders
  7 gnolls
  An adder zombie (D:6)
  An adder skeleton (D:7)
  A worm (D:3)
  A dart slug (D:1)
  4 leopard geckos
  42 orcs
  A ball python (D:3)
  5 giant cockroaches
  10 hobgoblins
  12 jackals
  6 quokkas
  6 bats
  4 frilled lizards
  8 goblins
  8 kobolds
  A leopard gecko zombie (D:6)
  A quokka skeleton (D:5)
  2 quokka zombies
  3 rats
356 creatures vanquished.

Vanquished Creatures (others)
  A naga (Snake:2)
  3 centaurs
  An orc (D:6)
  A kobold (D:10)
  2 fungi
  5 plants
13 creatures vanquished.

Grand Total: 369 creatures vanquished

Notes
Turn   | Place    | Note
-------+----------+-------------------------------------------
     0 | D:1      | NoNouf the Gargoyle Fighter began the quest for the Orb.
     0 | D:1      | Reached XP level 1. HP: 14/14 MP: 1/1
   100 | D:1      | Reached XP level 2. HP: 15/19 MP: 2/2
   263 | D:1      | Reached skill level 3 in Maces & Flails
   760 | D:2      | Reached XP level 3. HP: 21/23 MP: 3/3
   979 | D:2      | Found a glowing golden altar of the Shining One.
   993 | D:2      | Became a worshipper of the Shining One
  1461 | D:2      | Noticed Jessica
  1474 | D:2      | Killed Jessica
  1474 | D:2      | Reached skill level 4 in Maces & Flails
  1474 | D:2      | Reached XP level 4. HP: 23/28 MP: 4/4
  1967 | D:3      | Reached skill level 5 in Maces & Flails
  1967 | D:3      | Reached XP level 5. HP: 25/32 MP: 5/5
  2214 | D:3      | Reached skill level 6 in Maces & Flails
  2215 | D:3      | Reached XP level 6. HP: 36/37 MP: 6/6
  2241 | D:3      | Noticed Natasha
  2256 | D:3      | Killed Natasha
  2277 | D:3      | Noticed Natasha
  2305 | D:2      | Killed Natasha
  2899 | D:3      | Noticed Grinder
  2925 | D:3      | Paralysed by Grinder for 3 turns
  2932 | D:3      | Paralysed by Grinder for 5 turns
  2940 | D:3      | Paralysed by Grinder for 4 turns
  2951 | D:3      | Killed Grinder
  2951 | D:3      | Reached skill level 7 in Maces & Flails
  2951 | D:3      | Reached XP level 7. HP: 38/41 MP: 7/7
  3103 | D:3      | Reached * piety under the Shining One
  3141 | D:3      | Gained mutation: You have a beak for a mouth. [potion of mutation]
  3141 | D:3      | Gained mutation: You have a somewhat thin skeletal structure. (Dex +2, Stealth) [potion of mutation]
  3141 | D:3      | Gained mutation: You evolve. [potion of mutation]
  3181 | D:3      | Found a shimmering altar of Xom.
  3386 | D:4      | Noticed Natasha
  3430 | D:4      | Killed Natasha
  3500 | D:4      | Got a warped jade ring
  3501 | D:4      | Identified the ring "Ebbotratt" {+Fly rF- EV+4 Dex+4} (You found it on level 4 of the Dungeon)
  3543 | D:4      | Reached skill level 8 in Maces & Flails
  3605 | D:4      | Noticed Blork the orc
  3641 | D:4      | Noticed Sigmund
  3648 | D:5      | Entered Level 5 of the Dungeon
  3653 | D:5      | Killed Blork the orc
  3764 | D:5      | Gained mutation: Your flesh is heat resistant. (rF+) [evolution]
  3836 | D:4      | Killed Sigmund
  3836 | D:4      | Reached skill level 9 in Maces & Flails
  3836 | D:4      | Reached XP level 8. HP: 36/46 MP: 8/8
  3941 | D:4      | Found a deep blue altar of Sif Muna.
  4420 | D:5      | Reached skill level 10 in Maces & Flails
  5358 | D:6      | Got a smoking robe
  5369 | D:6      | Identified the cursed +0 robe of the Undertaker {*Slow Regen+ Str+5} (You found it on level 6 of the Dungeon)
  5392 | D:6      | Reached skill level 11 in Maces & Flails
  5408 | D:6      | Reached XP level 9. HP: 50/51 MP: 9/9
  5490 | D:6      | Reached ** piety under the Shining One
  5514 | D:6      | Noticed ThereIsNoGod's ghost (novice TrMo)
  5550 | D:6      | Killed ThereIsNoGod's ghost
  5550 | D:6      | Reached skill level 12 in Maces & Flails
  6085 | D:6      | Found Zin's Purification Station.
  6088 | D:6      | Found a glowing silver altar of Zin.
  6610 | D:7      | Lost mutation: You evolve. [evolution]
  6936 | D:7      | Found Daacruewiu's Antique Armour Shoppe.
  6954 | D:7      | Found a hide-covered altar of Uskayaw.
  6987 | D:7      | Reached skill level 13 in Maces & Flails
  6996 | D:7      | Bought a pair of gloves for 126 gold pieces
  7093 | D:7      | Reached XP level 10. HP: 37/56 MP: 10/10
  7421 | D:7      | Found an iron altar of Okawaru.
  7433 | D:7      | Reached skill level 14 in Maces & Flails
  7478 | D:7      | Found a staircase to the Ecumenical Temple.
  7481 | D:7      | Reached *** piety under the Shining One
  7670 | Temple   | Entered the Ecumenical Temple
  7952 | D:8      | Noticed Zhenya24pyc's ghost (novice GrFi)
  8160 | D:8      | Found Epnicuos's Jewellery Shop.
  8463 | D:9      | Found a sacrificial altar of Ru.
  8630 | D:9      | Reached skill level 5 in Fighting
  8630 | D:9      | Reached skill level 5 in Armour
  8707 | D:9      | Reached **** piety under the Shining One
  9033 | D:10     | Entered Level 10 of the Dungeon
  9065 | D:9      | Reached skill level 1 in Invocations
  9221 | D:10     | Reached XP level 11. HP: 61/66 MP: 12/12
  9555 | D:10     | Found a staircase to the Lair.
  9863 | Lair:1   | Entered Level 1 of the Lair of Beasts
 10683 | Lair:2   | Noticed Erica
 10702 | Lair:2   | Killed Erica
 11648 | Lair:3   | Found a snail-covered altar of Cheibriados.
 11777 | Lair:3   | Noticed a catoblepas
 11994 | Lair:3   | Reached XP level 12. HP: 71/77 MP: 15/15
 12029 | Lair:3   | Reached skill level 10 in Fighting
 12465 | Lair:3   | Found a staircase to the Snake Pit.
 12791 | Lair:3   | Killed a catoblepas
 13113 | Lair:4   | Reached skill level 10 in Armour
 13198 | Lair:4   | Noticed Sonja
 13210 | Lair:4   | Killed Sonja
 13219 | Lair:4   | You fall through a shaft!
 13219 | Lair:5   | Noticed a death yak
 13228 | Lair:5   | Noticed a death yak
 13368 | Lair:5   | Noticed a six-headed hydra
 13369 | Lair:5   | Noticed a seven-headed hydra
 13369 | Lair:5   | Reached ***** piety under the Shining One
 13715 | Lair:4   | Noticed a six-headed hydra
 13750 | Lair:4   | Killed a six-headed hydra
 13811 | Lair:4   | Reached skill level 5 in Invocations
 13924 | Lair:4   | Found a staircase to the Swamp.
 14261 | Snake:1  | Entered Level 1 of the Snake Pit
 14371 | Snake:1  | Found Coiqier's Assorted Antiques.
 14521 | Snake:1  | Noticed an anaconda
 14538 | Snake:1  | Killed an anaconda
 14614 | Snake:1  | Noticed an anaconda
 14632 | Snake:1  | Killed an anaconda
 14791 | Snake:1  | Reached XP level 13. HP: 87/87 MP: 17/17
 17398 | Snake:2  | Noticed a nagaraja
 17522 | Snake:2  | The Shining One protects you from harm!
 17524 | Snake:2  | Shot with a bolt by a naga sharpshooter

Skill      XL: |  1  2  3  4  5  6  7  8  9 10 11 12 13 |
---------------+----------------------------------------+-----
Maces & Flails | 3 4 5 6 7 9 11 13 14 | 14.0
Fighting       | 6 9 12 13 | 13.9
Armour         | 6 9 11 12 | 12.8
Invocations    | 1 4 5 6 |  6.7
Shields        | |  3.2
Evocations     | |  0.1

Action                   |  1- 3 |  4- 6 |  7- 9 | 10-12 | 13-15 || total
-------------------------+-------+-------+-------+-------+-------++-------
Melee: Flail             |   129 |   130 |   357 |   825 |   322 ||  1763
       Peck              |       |       |    72 |   245 |    85 ||   402
Invok: Divine Shield     |       |       |       |     5 |     1 ||     6
       Cleansing Flame   |       |       |       |       |     1 ||     1
Evoke: Wand              |       |       |     2 |     8 |     4 ||    14
  Use: Potion            |     1 |       |     7 |       |     3 ||    11
       Scroll            |       |     7 |    11 |     6 |     3 ||    27
  Eat: Chunk             |     2 |     3 |     8 |    19 |     2 ||    34
       Royal jelly       |       |     1 |       |       |       ||     1
       Meat ration       |       |       |     1 |       |     1 ||     2
       Fruit             |       |       |       |     3 |     2 ||     5
       Bread ration      |       |       |       |     1 |       ||     1
Armor: Scale mail        |    71 |    73 |   106 |     3 |       ||   253
       Plate armour      |       |       |       |   255 |   123 ||   378
Dodge: Dodged            |    32 |    54 |    81 |   116 |    35 ||   318
Block: Shield            |    56 |    74 |   221 |   500 |   198 ||  1049
       Reflection        |       |       |    16 |    11 |    24 ||    51
